 Dungeon Crawl Stone Soup version 0.26-a0-651-gb41185065b (webtiles) character file.

Game seed: 18113354101703657983

357 lunkers the Digger (level 6, -4/36 HPs)
             Began as an Octopode Earth Elementalist on Sept 29, 2020.
             Was an Initiate of Gozag.
             Slain by an ogre
             ... wielding a +0 giant spiked club
              (16 damage)
             ... on level 4 of the Dungeon.
             The game lasted 00:08:08 (3554 turns).

lunkers the Digger (Octopode Earth Elementalist)    Turns: 3554, Time: 00:08:09

Health: -4/36      AC:  1    Str:  7    XL:     6   Next: 64%
Magic:  9/11       EV: 13    Int: 20    God:    Gozag
Gold:   242        SH:  0    Dex: 12    Spells: 6/12 levels left

rFire    + . .     SeeInvis .   s - +4 dagger
rCold    . . .     Faith    .   (no shield)
rNeg     . . .     Spirit   .   (helmet restricted)
rPois    .         Reflect  .   d - amulet of regeneration
rElec    .         Harm     .   (no ring)
rCorr    .         Rampage  .   k - ring of protection from fire
MR       .....                  (no ring)
Stlth    +++.......             (no ring)
HPRegen  0.52/turn              (no ring)
MPRegen  0.12/turn              (no ring)
                                (no ring)
                                (no ring)

@: no status effects
A: almost no armour, stealthy swim, amphibious, 8 rings, constrict 8, camouflage
1, gelatinous body 1
a: Potion Petition, Call Merchant, Bribe Branch, Renounce Religion


You were on level 4 of the Dungeon.
You worshipped Gozag.
Gozag was aware of your devotion.
You visited 1 branch of the dungeon, and saw 4 of its levels.

You collected 298 gold pieces.
You paid 56 gold pieces to Gozag.

Inventory:

Hand Weapons
 q - a +2 vorpal spear
 s - a +4 dagger (weapon)
Missiles
 j - 97 stones (quivered)
Armour
 r - a cursed +0 kite shield
Jewellery
 d - an amulet of regeneration (around mantle)
 k - a ring of protection from fire (right tentacle)
Scrolls
 b - 2 scrolls of blinking {unknown}
 e - 8 scrolls of remove curse
 f - a scroll of enchant weapon {unknown}
 l - a scroll of magic mapping {unknown}
 m - a scroll of immolation {unknown}
 o - a scroll of teleportation {unknown}
 t - a scroll of enchant armour {unknown}
 u - a scroll of identify {unknown}
Potions
 a - 2 potions of heal wounds {unknown}
 c - a potion of might {unknown}
 g - a potion of degeneration {unknown}
 h - 2 potions of curing {unknown}
 i - a potion of mutation {unknown}
 n - 3 potions of resistance {unknown}
 p - a potion of flight {unknown}


   Skills:
 - Level 2.0 Dodging
 - Level 2.6 Stealth
 + Level 3.7 Spellcasting
 - Level 2.0 Conjurations
 - Level 1.0 Transmutations
 * Level 5.8 Earth Magic


You had 6 spell levels left.
You knew the following spells:

 Your Spells              Type           Power        Failure   Level
a - Stone Arrow           Conj/Erth      ###...       8%          3
b - Passwall              Tmut/Erth      ###.....     4%          2
c - Sandblast             Erth           ####..       1%          1

Your spell library contained the following spells:

 Spells                   Type           Power        Failure   Level
 Petrify                  Tmut/Erth      ###.....     32%         4
 Lee's Rapid Deconstruct  Erth           ####......   32%         5


Dungeon Overview and Level Annotations

Branches:
Dungeon (4/15)             Temple (0/1) D:4

Altars:
Ashenzari
Gozag
Trog


Innate Abilities, Weirdness & Mutations

You cannot wear most types of armour.
You are very stealthy in the water. (Stealth+)
You are amphibious.
You can wear up to eight rings at the same time.
You can use your tentacles to constrict eight enemies at once.
Your skin changes colour to match your surroundings (Stealth+).
Your rubbery body absorbs attacks. (AC +1, EV +1)


Message History

You barely miss the ogre. Your squeeze misses the ogre.
The ogre closely misses you.
You hit the ogre.
The ogre is moderately wounded.
You hit the ogre. You squeeze the ogre.
The ogre is heavily wounded.
The ogre hits you with a +0 giant spiked club!!
Ouch! That really hurt!
* * * LOW HITPOINT WARNING * * *
Casting: Stone Arrow (dangerous; 8% risk of failure)
Confirm with . or Enter, or press ? or * to list all spells.
Aiming: Sandblast (safe; 1% risk of failure)
Press: ? - help, Shift-Dir - straight line, f - ogre
Aim: an ogre, wielding a +0 giant spiked club (heavily wounded)
The blast of sand hits the ogre.
The ogre is severely wounded.
j - 97 stones The ogre hits you with a +0 giant spiked club!
You die...
Your body crumbles into a pile of gold.

###### ###....# #......#
######### #.#.#..# #........
#.#.#..####....?##.#
#.#.#....##.........
########>.......@O$........
#........#.#.##.##......#.#
#............##.##.....##
#..####.####.##...######
#..##.....##......# ..
#..#.......#......###.###
#..#.......#......#.....#
#......_..........#.#.#.# .#
#..#.......#......#.#.#.###.#.


You could see an ogre.

Vanquished Creatures
  An ogre (D:4)
  2 iguanas (D:4)
  2 worker ants (D:4)
  5 adders
  4 gnolls (D:3)
  2 oozes
  A worm (D:2)
  2 dart slugs (D:1)
  10 giant cockroaches
  4 goblins
  3 hobgoblins
  8 jackals
  3 quokkas
  9 bats
  10 frilled lizards
  4 kobolds
  13 rats
83 creatures vanquished.

Notes
Turn   | Place    | Note
-------+----------+-------------------------------------------
     0 | D:1      | lunkers the Octopode Earth Elementalist began the quest for
                  | the Orb.
     0 | D:1      | Reached XP level 1. HP: 11/11 MP: 3/3
   381 | D:1      | Reached XP level 2. HP: 17/17 MP: 3/5
   671 | D:1      | Reached XP level 3. HP: 21/21 MP: 4/6
   774 | D:1      | Learned a level 2 spell: Passwall
   778 | D:1      | Learned a level 3 spell: Stone Arrow
  1037 | D:1      | Reached skill level 4 in Earth Magic
  1439 | D:2      | Found a bloodstained altar of Trog.
  1499 | D:2      | Reached XP level 4. HP: 26/27 MP: 7/7
  1712 | D:2      | Reached skill level 1 in Conjurations
  1962 | D:3      | Found an opulent altar of Gozag.
  2320 | D:3      | Reached XP level 5. HP: 31/31 MP: 2/9
  2394 | D:3      | Found a faded altar of an unknown god.
  2511 | D:3      | Became a worshipper of Gozag Ym Sagoz the Greedy
  3069 | D:4      | Found a staircase to the Ecumenical Temple.
  3156 | D:4      | Noticed an ogre
  3160 | D:4      | Killed an ogre
  3160 | D:4      | Reached skill level 5 in Earth Magic
  3160 | D:4      | Reached XP level 6. HP: 36/36 MP: 4/11
  3419 | D:4      | Found a broken altar of Ashenzari.
  3554 | D:4      | Slain by an ogre

Illustrated notes

Levels and vault maps discovered:
D:1:      matt_arrival_los_fun, layout_basic, serial_bayou_pond_b,
          minmay_lizard_pond
D:2:      layout_rooms, trog_three_pillars_becter
D:3:      layout_basic, chequers_ecumenical_altar_simple,
          nicolae_gozag_seed_capital
D:4:      layout_basic, old_standard_altar,
          chequers_temple_overflow_statue_of_worship,
          minmay_temple_entry_crystal_x

Skill      XL: |  1  2  3  4  5 |
---------------+----------------+-----
Earth Magic    | 4 5 |  5.8
Conjurations   | 1 2 |  2.0
Spellcasting   | 3 |  3.7
Dodging        | |  2.0
Stealth        | |  2.6
Transmutations | |  1.0

Action                   |  1- 3 |  4- 6 || total
-------------------------+-------+-------++-------
Melee: Unarmed           |    74 |    68 ||   142
       Constrict         |    18 |    23 ||    41
       Tentacles         |    12 |    17 ||    29
       Dagger            |       |    19 ||    19
Throw: Stone             |     1 |       ||     1
 Cast: Sandblast         |    32 |    15 ||    47
       Stone Arrow       |       |    22 ||    22
  Use: Scroll            |       |     1 ||     1
 Stab: Sleeping          |     2 |       ||     2
Armor: Skin              |    15 |    14 ||    29
Dodge: Dodged            |    71 |    88 ||   159

Table legend: (Time is in decaauts)
 A = Elapsed time spent in this place.
 B = Non-inter-level travel time spent in this place.
 C = Inter-level travel time spent in this place.
 D = Time resting spent in this place.
 E = Time spent auto-exploring this place.
 F = Levels seen in this place.
 G = Mean time per level.
                   A        B        C        D        E       F      G
               +--------+--------+--------+--------+--------+-----+--------+
         Total |   3552 |   3484 |     68 |    112 |   2580 |   4 |  888.0 |
       Dungeon |   3552 |   3484 |     68 |    112 |   2580 |   4 |  888.0 |
               +--------+--------+--------+--------+--------+-----+--------+

Top non-repeatable levels by time:
     D:1: 1406 daAuts
     D:3: 1054 daAuts
     D:2: 603 daAuts
     D:4: 487 daAuts
